 Dungeon Crawl Stone Soup version 0.17-a0-2101-g0c122e7 (webtiles) character file.

3279 septik the Basher (level 9, -3/83 HPs)
             Began as a Minotaur Berserker on Oct 18, 2015.
             Was a High Priest of Trog.
             Slain by Erica
             ... wielding a +3 scimitar of flaming
              (9 damage)
             ... on level 8 of the Dungeon.
             The game lasted 00:28:50 (6148 turns).

septik the Basher (Minotaur Berserker)              Turns: 6148, Time: 00:28:50

Health: -3/83      AC: 13    Str: 26    XL:     9   Next: 69%
Magic:  8/8        EV: 13    Int:  4    God:    Trog [*****.]
Gold:   378        SH:  0    Dex:  9    Spells: 0 memorised, 8 levels left

rFire  . . .     SeeInvis .     b - +3 rapier of Olallegg {drain, rN+}
rCold  + . .     Clarity  .     F - +0 plate armour
rNeg   + . .     SustAt   .     (no shield)
rPois  .         Gourm    .     (helmet restricted)
rElec  .         Spirit   .     (no cloak)
rCorr  .         Warding  .     (no gloves)
rMut   .         Stasis   .     (no boots)
MR     .....                    g - amulet of regeneration
Stlth  ..........               y - ring of protection from cold
                                t - +5 ring of evasion

@: lethally poisoned (-3 -> -10), not resistant to hostile enchantments,
extremely unstealthy
A: retaliatory headbutt, horns 2
a: Burn Spellbooks, Berserk, Trog's Hand, Brothers in Arms, Renounce Religion


You were on level 8 of the Dungeon.
You worshipped Trog.
Trog was extremely pleased with you.
You were very hungry.

You visited 1 branch of the dungeon, and saw 8 of its levels.

You collected 378 gold pieces.

Inventory:

Hand Weapons
 b - the +3 rapier of Olallegg (weapon) {drain, rN+}
   (You found it on level 6 of the Dungeon)

   A truly terrible weapon, it drains the life of those it strikes.
   It protects you from negative energy.
 p - a +1 longbow
 D - a +1 whip of flaming
 E - a +0 flail
 M - a +0 shortbow
Missiles
 w - 85 arrows
 B - 5 throwing nets
 C - 195 stones (quivered)
Armour
 F - a +0 plate armour (worn)
Jewellery
 g - an amulet of regeneration (around neck)
 t - a +5 ring of evasion (left hand)
 u - a +4 ring of strength {unknown}
 y - a ring of protection from cold (right hand)
Wands
 a - a wand of confusion (0)
 n - a wand of enslavement (0)
 x - a wand of paralysis (4)
 H - a wand of paralysis (10)
 O - a wand of fire (5)
Scrolls
 e - 10 scrolls of identify
 h - 2 scrolls of enchant weapon
 r - a scroll of magic mapping {unknown}
 s - a scroll of fog
 v - 2 scrolls of remove curse
 z - a scroll of enchant armour {unknown}
 I - a scroll of blinking
 N - a scroll of teleportation
 P - a scroll of fear {unknown}
Potions
 d - a potion of curing {unknown}
 j - a potion of haste {unknown}
 k - a potion of brilliance {unknown}
 l - 2 potions of heal wounds {unknown}
 m - 3 potions of lignification {unknown}
 o - 2 potions of might {unknown}
 q - 2 potions of poison {unknown}
 A - a potion of degeneration {unknown}
 J - a potion of berserk rage {unknown}
 K - a potion of magic {unknown}
 L - 2 potions of flight {unknown}
Comestibles
 c - 3 bread rations
 f - a slice of pizza
 i - 10 fruits
 G - 2 meat rations


   Skills:
 + Level 9.0 Fighting
 * Level 11.9 Maces & Flails
 + Level 8.5 Armour
 - Level 2.1 Dodging


You had 8 spell levels left.
You didn't know any spells.

Dungeon Overview and Level Annotations

Branches:
Dungeon (8/15)             Temple (0/1) D:6
   Lair: D:8-11

Altars:
Ashenzari
Fedhas
Gozag
Makhleb
Nemelex Xobeh
Okawaru
Qazlal
Sif Muna
Trog
Vehumet
Xom
Yredelemnul
Zin

Shops:
D:4 *   D:5 %

Annotations:
D:8 Erica


Innate Abilities, Weirdness & Mutations

You reflexively headbutt those who attack you in melee.
You have a pair of horns on your head.


Message History

You feel sick. Something hits you. Something burns you.
You hear some strange, mumbled words.
Something tries to affect you, but you resist.
The phantom closely misses you.
Your plate armour prevents you from hitting something.
You feel sick.
You hear some strange, mumbled words.
A bolt of poison appears from out of thin air!
The bolt of poison hits you!
You are more poisoned.
* * * LOW HITPOINT WARNING * * *
The phantom closely misses you. You furiously retaliate!
You headbutt the phantom! Something hits you but does no damage.
Use which ability?
You're too hungry to go berserk.
Unknown command.
You closely miss something. You headbutt something!
* * * LOW HITPOINT WARNING * * *
You feel sick. Something hits you!
You die...

########## #.........#
#.#######.# #.#.....#.#
. #.#.###.#.# ...
#...<...#.#####
.....########...........
......{@....'...........
......W....##...........
..#+#.###..##......#####
#. #..##......# #
#..##......#
#..##......#
#..######### #..#


You could see a phantom.

Vanquished Creatures
  Pikel (D:4)
  A deep elf mage (D:7)
  Menkaure (D:7)
  Duvessa (D:4)
  An orc warrior (D:6)
  2 phantoms
  A sky beast (D:8)
  2 ogres (D:6)
  2 centaurs
  3 giant frogs
  Dowan (D:4)
  2 scorpions
  3 wights (D:3)
  A quasit (D:7)
  A centaur zombie (D:5)
  4 crimson imps
  2 hounds
  4 orc priests
  3 jellies
  A centaur skeleton (D:4)
  2 gnoll shamans (D:6)
  4 orc wizards (D:6)
  An iguana (D:5)
  2 worker ants
  A worker ant zombie (D:5)
  38 gnolls (D:6)
  9 adders
  2 oozes
  2 worms
  4 giant geckos
  8 orcs
  8 giant cockroaches
  5 hobgoblins
  2 quokkas
  3 bats
  A giant gecko skeleton (D:4)
  3 giant newts
  8 goblins
  29 jackals
  10 kobolds
  5 rats
184 creatures vanquished.

Vanquished Creatures (others)
  A slave (D:4)
  A worker ant (D:4)
  A hobgoblin (D:4)
3 creatures vanquished.

Grand Total: 187 creatures vanquished

Notes
Turn   | Place    | Note
--------------------------------------------------------------
     0 | D:1      | septik the Minotaur Berserker began the quest for the Orb.
     0 | D:1      | Reached XP level 1. HP: 19/19 MP: 0/0
   158 | D:1      | Reached skill level 4 in Maces & Flails
   161 | D:1      | Reached XP level 2. HP: 18/27 MP: 1/1
   495 | D:1      | Reached ** piety under Trog
   684 | D:2      | Reached XP level 3. HP: 28/33 MP: 2/2
  1121 | D:2      | Reached skill level 5 in Maces & Flails
  1121 | D:2      | Reached XP level 4. HP: 39/41 MP: 3/3
  1618 | D:3      | Reached *** piety under Trog
  1785 | D:3      | Reached XP level 5. HP: 44/47 MP: 4/4
  1805 | D:3      | Reached skill level 5 in Fighting
  1810 | D:3      | Reached skill level 6 in Maces & Flails
  2412 | D:4      | Noticed Duvessa
  2464 | D:4      | Noticed Dowan
  2506 | D:4      | Killed Duvessa
  2506 | D:4      | Reached XP level 6. HP: 38/56 MP: 5/5
  2588 | D:4      | Killed Dowan
  2588 | D:4      | Reached skill level 7 in Maces & Flails
  2735 | D:4      | Noticed a slave
  2750 | D:4      | Noticed Pikel
  2750 | D:4      | Paralysed by Pikel for 6 turns
  2751 | D:4      | Noticed a slave
  2751 | D:4      | Noticed a slave
  2753 | D:4      | Noticed a slave
  2759 | D:4      | Paralysed by Pikel for 6 turns
  2768 | D:4      | Killed Pikel
  2768 | D:4      | Reached skill level 8 in Maces & Flails
  2768 | D:4      | Reached skill level 5 in Armour
  2768 | D:4      | Reached XP level 7. HP: 51/64 MP: 6/6
  2826 | D:4      | Found Biuh's Elemental Accessories.
  2828 | D:4      | Noticed a phantom
  2849 | D:4      | Killed a phantom
  2889 | D:4      | Reached XP level 8. HP: 71/71 MP: 7/7
  3066 | D:4      | Killed a freed slave
  3209 | D:5      | Entered Level 5 of the Dungeon
  3235 | D:5      | Found a shattered altar of Ashenzari.
  3237 | D:5      | Found a stormy altar of Qazlal.
  3237 | D:5      | Found a radiant altar of Vehumet.
  3266 | D:5      | Reached skill level 9 in Maces & Flails
  3552 | D:5      | Found an iron altar of Okawaru.
  3728 | D:5      | Found Wiagait's Food Emporium.
  3820 | D:5      | You fall through a shaft for 2 floors!
  3941 | D:7      | Reached skill level 10 in Maces & Flails
  4009 | D:7      | Noticed Menkaure
  4018 | D:7      | Killed Menkaure
  4071 | D:6      | Reached **** piety under Trog
  4157 | D:6      | Reached XP level 9. HP: 81/81 MP: 8/8
  4167 | D:6      | Found an opulent altar of Gozag.
  4548 | D:6      | Got a dazzling rapier
  4549 | D:6      | Identified the cursed +3 rapier of Olallegg {drain, rN+} (You found it on level 6 of the Dungeon)
  4972 | D:6      | Found a staircase to the Ecumenical Temple.
  5002 | D:6      | Reached skill level 11 in Maces & Flails
  5007 | D:6      | Reached ***** piety under Trog
  5105 | D:6      | Found an opulent altar of Gozag.
  5108 | D:6      | Found a bloodstained altar of Trog.
  5115 | D:6      | Found a glowing silver altar of Zin.
  5119 | D:6      | Found a shimmering altar of Xom.
  5126 | D:6      | Found a basalt altar of Yredelemnul.
  5131 | D:6      | Found a sparkling altar of Nemelex Xobeh.
  5149 | D:6      | Found a burning altar of Makhleb.
  5229 | D:6      | Found a blossoming altar of Fedhas.
  5229 | D:6      | Found a deep blue altar of Sif Muna.
  5347 | D:6      | Received a gift from Trog
  6134 | D:8      | Noticed Erica
  6148 | D:8      | Slain by Erica

Vault maps used:
D:1:      zaba_arrival_water
D:2:      hex_intersection, minmay_goblin_kobold_house
D:3:      first_bread
D:4:      st_stairs_6, nicolae_elemental_shop, uniq_duvessa, uniq_pikel
D:5:      lemuel_round_altar, grunt_temple_overflow_open, serial_shops,
          nicolae_shop_temple_entry_statues_fountains
D:6:      lemuel_castle_with_subvaults, grunt_temple_overflow_octagram,
          gammafunk_temple_overflow_wave, minmay_temple_entry_mist,
          hex_intersection, nicolae_gozag_seed_capital
D:7:      uniq_menkaure
D:8:      serial_shops, shop, uniq_erica

Action                   |  1- 3 |  4- 6 |  7- 9 || total
-------------------------+-------+-------+-------++-------
Melee: Mace              |    65 |    51 |       ||   116
       Flail             |       |    50 |       ||    50
       Whip              |       |       |   171 ||   171
       Rapier            |       |       |   203 ||   203
 Fire: Longbow           |       |    29 |    20 ||    49
Invok: Berserk           |     1 |     3 |     2 ||     6
  Use: Scroll            |       |     7 |     1 ||     8
 Stab: Sleeping          |     2 |       |       ||     2
  Eat: Chunk             |     2 |     8 |    11 ||    21
       Bread ration      |       |       |     1 ||     1
